ACL
ACL CAROLINA CATAMOUNTS @ ACL JACKSONVILLE BOMBERS
04/21/2042
 
TOP OF THE 1ST
ACL Carolina Catamounts batting - Pitching for ACL Jacksonville Bombers : RHP Héctor Arizola
Pitching: RHP Héctor Arizola
Batting: LHB Jamie Robinson 0-0: Ball
1-0: Fly out, F7 (Flyball, 78M, EV 86.3 MPH)
Batting: RHB Jesús García 0-0: Ball
1-0: Swinging Strike
1-1: Foul Ball, location: 2F
1-2: Ball
2-2: Ground out 6-3 (Groundball, 6, EV 105.6 MPH)
Batting: RHB Robbie Caballero 0-0: Ball
1-0: Swinging Strike
1-1: Foul Ball, location: 25FF
1-2: Fly out, F9 (Flyball, 9LS, EV 75.0 MPH)
Top of the 1st over - 0 runs, 0 hits, 0 errors, 0 left on base; ACL Carolina 0 - ACL Jacksonville 0
BOTTOM OF THE 1ST
ACL Jacksonville Bombers batting - Pitching for ACL Carolina Catamounts : RHP Ernie Olson
Pitching: RHP Ernie Olson
Batting: RHB Juan Gallegos 0-0: Ball
1-0: Ball
2-0: Ground out 1-3 (Groundball, 13S, EV 70.6 MPH)
Batting: LHB Don Anderson 0-0: SINGLE (Line Drive, 6MD, EV 94.4 MPH)
Batting: RHB Juan Miranda 0-0: Swinging Strike
0-1: Ball
1-1: Fielders Choice at 2nd, 4-6 (Groundball, 34, EV 90.0 MPH)
Batting: LHB Ted Hall 0-0: Called Strike
0-1: Ball
Juan Miranda is caught stealing 2nd base 2-6
Bottom of the 1st over - 0 runs, 1 hit, 0 errors, 0 left on base; ACL Carolina 0 - ACL Jacksonville 0
TOP OF THE 2ND
ACL Carolina Catamounts batting - Pitching for ACL Jacksonville Bombers : RHP Héctor Arizola
Batting: RHB Rex Cahill 0-0: SOLO HOME RUN (Flyball, 8RXD, EV 113.8 MPH), Distance : 458 ft
Batting: LHB Jonathan McKee 0-0: Called Strike
0-1: Foul Ball, location: 7LDF
0-2: Strikes out swinging
Batting: RHB Ferdinand Maes 0-0: Fly out, F8 (Flyball, 89S, EV 91.3 MPH)
Batting: LHB Phil Wilson 0-0: Called Strike
0-1: Ball
1-1: Foul Ball, location: 3F
1-2: Strikes out swinging
Top of the 2nd over - 1 run, 1 hit, 0 errors, 0 left on base; ACL Carolina 1 - ACL Jacksonville 0
BOTTOM OF THE 2ND
ACL Jacksonville Bombers batting - Pitching for ACL Carolina Catamounts : RHP Ernie Olson
Batting: LHB Ted Hall 0-0: Ball
1-0: Called Strike
1-1: Swinging Strike
1-2: Fly out, F8 (Flyball, 8LD, EV 75.6 MPH)
Batting: RHB Dorian Adkins 0-0: Called Strike
0-1: Swinging Strike
0-2: Ground out 3-1 (Groundball, 34, EV 84.4 MPH)
Batting: LHB Juan Gonzáles 0-0: Called Strike
0-1: Called Strike
0-2: Ball
1-2: Strikes out swinging
Bottom of the 2nd over - 0 runs, 0 hits, 0 errors, 0 left on base; ACL Carolina 1 - ACL Jacksonville 0
TOP OF THE 3RD
ACL Carolina Catamounts batting - Pitching for ACL Jacksonville Bombers : RHP Héctor Arizola
Batting: RHB Bob Cunningham 0-0: Ball
1-0: Fly out, F8 (Flyball, 89D, EV 108.8 MPH)
Batting: RHB Lonnie McLaughlin 0-0: Ball
1-0: Fly out, F4 (Popup, 34S, EV 71.9 MPH)
Batting: LHB Jamie Robinson 0-0: Ball
1-0: Swinging Strike
1-1: Ball
2-1: Ball
3-1: Swinging Strike
3-2: Foul Ball, location: 5SF
3-2: Base on Balls
Pitching: RHP Dani Pimentel
Batting: RHB Jesús García 0-0: Swinging Strike
0-1: Foul Ball, location: 5F
0-2: Foul Ball, location: 5F
0-2: Foul Ball, location: 9LSF
0-2: Ball
Jamie Robinson steals 2nd base
1-2: Strikes out looking
Top of the 3rd over - 0 runs, 0 hits, 0 errors, 1 left on base; ACL Carolina 1 - ACL Jacksonville 0
BOTTOM OF THE 3RD
ACL Jacksonville Bombers batting - Pitching for ACL Carolina Catamounts : RHP Ernie Olson
Batting: RHB Don Wiggins 0-0: Ball
1-0: Ball
2-0: Called Strike
2-1: Foul Ball, location: 9LMF
2-2: Foul Ball, location: 3F
2-2: Ball
3-2: Foul Ball, location: 25F
3-2: Strikes out looking
Batting: RHB Shawn Vargas 0-0: Called Strike
0-1: Swinging Strike
0-2: Ball
1-2: Ball
2-2: Ball
3-2: Foul Ball, location: 23FF
3-2: Strikes out swinging
Batting: RHB Jim Unknown 0-0: Foul Ball, location: 5F
0-1: SOLO HOME RUN (Flyball, 9D, EV 96.3 MPH), Distance : 368 ft
Batting: RHB Juan Gallegos 0-0: Called Strike
0-1: Foul Ball, location: 5DF
0-2: Ball
1-2: Ball
2-2: Fly out, F4 (Popup, 4D, EV 50.6 MPH)
Bottom of the 3rd over - 1 run, 1 hit, 0 errors, 0 left on base; ACL Carolina 1 - ACL Jacksonville 1
TOP OF THE 4TH
ACL Carolina Catamounts batting - Pitching for ACL Jacksonville Bombers : RHP Dani Pimentel
Batting: RHB Robbie Caballero 0-0: Ball
1-0: Swinging Strike
1-1: DOUBLE (Line Drive, 7LM, EV 108.1 MPH)
DELAY Rain delay of 24 minutes in the 4th inning.
Batting: RHB Rex Cahill 0-0: Ball
1-0: Ball
2-0: Ball
3-0: Base on Balls
Batting: LHB Jonathan McKee 0-0: Ball
1-0: Swinging Strike
1-1: Swinging Strike
1-2: Foul Ball, location: 5SF
1-2: Strikes out swinging
Batting: RHB Ferdinand Maes 0-0: Grounds into double play, 4-6-3 (Groundball, 4S, EV 80.6 MPH)
Top of the 4th over - 0 runs, 1 hit, 0 errors, 1 left on base; ACL Carolina 1 - ACL Jacksonville 1
BOTTOM OF THE 4TH
ACL Jacksonville Bombers batting - Pitching for ACL Carolina Catamounts : RHP Ernie Olson
Batting: LHB Don Anderson 0-0: Called Strike
0-1: Ball
1-1: Ball
2-1: Ball
3-1: Base on Balls
Batting: RHB Juan Miranda 0-0: Called Strike
0-1: Ball
Don Anderson steals 2nd base
1-1: Ball
2-1: Ball
3-1: Base on Balls
Batting: LHB Ted Hall 0-0: Fly out, F7 (Flyball, 7, EV 93.1 MPH)
Batting: RHB Dorian Adkins 0-0: SINGLE (Flyball, 34D, EV 87.5 MPH)
Don Anderson to third
Juan Miranda to second
Batting: LHB Juan Gonzáles 0-0: Called Strike
0-1: Ball
1-1: Foul Ball, location: 2F
1-2: Ball
2-2: Fly out, F8 (Flyball, 8RM, EV 95.0 MPH)
Runner from 3rd tags up, OUT at HOME! 8-2
Bottom of the 4th over - 0 runs, 1 hit, 0 errors, 2 left on base; ACL Carolina 1 - ACL Jacksonville 1
TOP OF THE 5TH
ACL Carolina Catamounts batting - Pitching for ACL Jacksonville Bombers : RHP Dani Pimentel
Batting: LHB Phil Wilson 0-0: Ball
1-0: Ball
2-0: Ball
3-0: Base on Balls
Batting: RHB Bob Cunningham 0-0: Bunted foul
0-1: Bunt missed!
0-2: Ball
1-2: Foul Ball, location: 7LMF
1-2: Strikes out swinging
Batting: RHB Lonnie McLaughlin 0-0: Ball
1-0: Ball
2-0: Called Strike
2-1: Ball
3-1: Called Strike
3-2: Strikes out swinging
Batting: LHB Jamie Robinson 0-0: Ball
1-0: Called Strike
1-1: Ball
2-1: Called Strike
2-2: Ball
3-2: Foul Ball, location: 2F
3-2: Strikes out swinging
Top of the 5th over - 0 runs, 0 hits, 0 errors, 1 left on base; ACL Carolina 1 - ACL Jacksonville 1
BOTTOM OF THE 5TH
ACL Jacksonville Bombers batting - Pitching for ACL Carolina Catamounts : RHP Ernie Olson
Batting: RHB Don Wiggins 0-0: Ground out 6-3 (Groundball, 6, EV 98.8 MPH)
Batting: RHB Shawn Vargas 0-0: Ground out 6-3 (Groundball, 6, EV 110.6 MPH)
Batting: RHB Jim Unknown 0-0: Called Strike
0-1: Ball
1-1: Ball
2-1: Ground out 4-3 (Groundball, 4, EV 106.3 MPH)
Bottom of the 5th over - 0 runs, 0 hits, 0 errors, 0 left on base; ACL Carolina 1 - ACL Jacksonville 1
TOP OF THE 6TH
ACL Carolina Catamounts batting - Pitching for ACL Jacksonville Bombers : RHP Dani Pimentel
Batting: RHB Jesús García 0-0: Ball
1-0: Called Strike
1-1: Called Strike
1-2: Ball
2-2: Foul Ball, location: 2F
2-2: Ball
3-2: Base on Balls
Batting: RHB Robbie Caballero 0-0: Ball
1-0: Ball
2-0: Sac Bunt to 5S - play at first, batter OUT! 5-3
Jesús García to second
Batting: RHB Rex Cahill 0-0: Called Strike
0-1: Foul Ball, location: 9LSF
0-2: Ball
1-2: Strikes out looking
Batting: LHB Jonathan McKee 0-0: Called Strike
0-1: Swinging Strike
0-2: Foul Ball, location: 9LSF
0-2: Strikes out swinging
Top of the 6th over - 0 runs, 0 hits, 0 errors, 1 left on base; ACL Carolina 1 - ACL Jacksonville 1
BOTTOM OF THE 6TH
ACL Jacksonville Bombers batting - Pitching for ACL Carolina Catamounts : RHP Ernie Olson
Batting: RHB Juan Gallegos 0-0: Ground out 6-3 (Groundball, 6MS, EV 71.9 MPH)
Batting: LHB Don Anderson 0-0: Ground out 6-3 (Groundball, 6, EV 104.4 MPH)
Batting: RHB Juan Miranda 0-0: Ground out 3-1 (Groundball, 34, EV 101.9 MPH)
Bottom of the 6th over - 0 runs, 0 hits, 0 errors, 0 left on base; ACL Carolina 1 - ACL Jacksonville 1
TOP OF THE 7TH
ACL Carolina Catamounts batting - Pitching for ACL Jacksonville Bombers : RHP Dani Pimentel
Batting: RHB Ferdinand Maes 0-0: Ball
1-0: Ground out 4-3 (Groundball, 34D, EV 104.4 MPH)
Batting: LHB Phil Wilson 0-0: Ball
1-0: Called Strike
1-1: Ball
2-1: Called Strike
2-2: Hit by Pitch
Pitching: LHP Ben Stephens
Batting: RHB Bob Cunningham 0-0: Ball
1-0: Swinging Strike
1-1: Called Strike
Phil Wilson steals 2nd base
1-2: Foul Ball, location: 25F
1-2: Strikes out swinging
Pinch Hitting: RHB Juan Martínez 0-0: Ball
1-0: Ball
2-0: Called Strike
2-1: Ball
3-1: Called Strike
3-2: Foul Ball, location: 9LDF
3-2: Strikes out looking
Top of the 7th over - 0 runs, 0 hits, 0 errors, 1 left on base; ACL Carolina 1 - ACL Jacksonville 1
BOTTOM OF THE 7TH
ACL Jacksonville Bombers batting - Pitching for ACL Carolina Catamounts : RHP Ernie Olson
Now at 1B: Brock Belanger
Batting: LHB Ted Hall 0-0: Ball
1-0: Foul Ball, location: 5FF
1-1: Ball
2-1: Foul Ball, location: 7LDF
2-2: Strikes out looking
Batting: RHB Dorian Adkins 0-0: Foul Ball, location: 2F
0-1: Swinging Strike
0-2: SINGLE (Line Drive, 8RS, EV 98.8 MPH)
Pitching: LHP Ian Carter
Batting: LHB Juan Gonzáles 0-0: Called Strike
0-1: Ball
1-1: Swinging Strike
1-2: Strikes out looking
Pinch Hitting: RHB Joe Cochran 0-0: Ball
1-0: Ball
2-0: Ball
3-0: Called Strike
3-1: Base on Balls
Dorian Adkins to second
Batting: RHB Shawn Vargas 0-0: Fly out, F7 (Line Drive, 7, EV 92.5 MPH)
Bottom of the 7th over - 0 runs, 1 hit, 0 errors, 2 left on base; ACL Carolina 1 - ACL Jacksonville 1
TOP OF THE 8TH
ACL Carolina Catamounts batting - Pitching for ACL Jacksonville Bombers : LHP Ben Stephens
Now in LF: Joe Cochran
Batting: LHB Jamie Robinson 0-0: Ball
1-0: Called Strike
1-1: Fly out, F1 (Popup, P, EV 76.3 MPH)
Batting: RHB Jesús García 0-0: Ball
1-0: Foul Ball, location: 7LMF
1-1: Foul Ball, location: 3DF
1-2: Ball
2-2: Foul Ball, location: 2F
2-2: Ball
3-2: Base on Balls
Batting: RHB Robbie Caballero 0-0: Grounds into double play, 6-4-3 (Groundball, 6M, EV 97.5 MPH)
Top of the 8th over - 0 runs, 0 hits, 0 errors, 0 left on base; ACL Carolina 1 - ACL Jacksonville 1
BOTTOM OF THE 8TH
ACL Jacksonville Bombers batting - Pitching for ACL Carolina Catamounts : LHP Ian Carter
Batting: RHB Jim Unknown 0-0: Ball
1-0: Swinging Strike
1-1: Ball
2-1: Foul Ball, location: 9LDF
2-2: Strikes out looking
Batting: RHB Juan Gallegos 0-0: Ball
1-0: Ball
2-0: Called Strike
2-1: Called Strike
2-2: Ground out 5-3 (Groundball, 5, EV 88.8 MPH)
Pinch Hitting: RHB Mario Quintanilla 0-0: Fly out, F7 (Flyball, 7LSF, EV 93.8 MPH)
Bottom of the 8th over - 0 runs, 0 hits, 0 errors, 0 left on base; ACL Carolina 1 - ACL Jacksonville 1
TOP OF THE 9TH
ACL Carolina Catamounts batting - Pitching for ACL Jacksonville Bombers : LHP Ben Stephens
Pitching: LHP Zane Phillips
Now at 3B: Mario Quintanilla
Batting: RHB Rex Cahill 0-0: Ball
1-0: Foul Ball, location: 2F
1-1: Ball
2-1: Ball
3-1: Base on Balls
Pinch Hitting: LHB Gene Monroe 0-0: Ball
1-0: Ball
2-0: Called Strike
2-1: Ball
3-1: Swinging Strike
3-2: Strikes out looking
Pinch Hitting: RHB Orlando Corona 0-0: Ball
1-0: Swinging Strike
1-1: Foul Ball, location: 9LDF
1-2: Strikes out looking
Batting: LHB Phil Wilson 0-0: Called Strike
0-1: Swinging Strike
0-2: Ball
1-2: Ball
2-2: Fly out, F4 (Popup, 4S, EV 62.5 MPH)
Top of the 9th over - 0 runs, 0 hits, 0 errors, 1 left on base; ACL Carolina 1 - ACL Jacksonville 1
BOTTOM OF THE 9TH
ACL Jacksonville Bombers batting - Pitching for ACL Carolina Catamounts : LHP Ian Carter
Now at C: Orlando Corona
Now in RF: Gene Monroe
Pinch Hitting: RHB Tomás Cantú 0-0: Ball
1-0: Foul Ball, location: 2F
1-1: Ball
2-1: Swinging Strike
2-2: Strikes out swinging
Batting: LHB Ted Hall 0-0: Called Strike
0-1: Foul Ball, location: 23F
0-2: Fly out, F7 (Flyball, 7, EV 76.9 MPH)
Batting: RHB Dorian Adkins 0-0: Called Strike
0-1: Foul Ball, location: 2F
0-2: Ball
1-2: Foul Ball, location: 2F
1-2: DOUBLE (Line Drive, 9LM, EV 101.9 MPH)
Pinch Hitting: SHB Constantin Odilo 0-0: Called Strike
0-1: Ball
1-1: Foul Ball, location: 2F
1-2: Strikes out swinging
Bottom of the 9th over - 0 runs, 1 hit, 0 errors, 1 left on base; ACL Carolina 1 - ACL Jacksonville 1
TOP OF THE 10TH
ACL Carolina Catamounts batting - Pitching for ACL Jacksonville Bombers : LHP Zane Phillips
Now in CF: Constantin Odilo
Now in RF: Tomás Cantú
Batting: RHB Bob Cunningham 0-0: Called Strike
0-1: Called Strike
0-2: Ground out 3-1 (Groundball, 34, EV 86.3 MPH)
Batting: LHB Brock Belanger 0-0: Ball
1-0: Ball
2-0: Ball
3-0: Base on Balls
Batting: LHB Jamie Robinson Pickoff Throw to First - Out! 1-3 CS
0-0: Called Strike
0-1: Ball
1-1: Foul Ball, location: 2F
1-2: Ball
2-2: Foul Ball, location: 9LSF
2-2: Strikes out swinging
Top of the 10th over - 0 runs, 0 hits, 0 errors, 0 left on base; ACL Carolina 1 - ACL Jacksonville 1
BOTTOM OF THE 10TH
ACL Jacksonville Bombers batting - Pitching for ACL Carolina Catamounts : LHP Ian Carter
Pitching: RHP Pat Thomas
Batting: RHB Joe Cochran 0-0: Swinging Strike
0-1: Ball
1-1: Ball
2-1: Ball
3-1: Base on Balls
Batting: RHB Shawn Vargas 0-0: Sac Bunt to 15S - play at first, batter OUT! 1-3
Joe Cochran to second
Batting: RHB Jim Unknown 0-0: Ball
1-0: Swinging Strike
1-1: Foul Ball, location: 2F
1-2: Foul Ball, location: 5FF
1-2: Foul Ball, location: 2F
1-2: Foul Ball, location: 2F
1-2: Fly out, F7 (Flyball, 7LS, EV 83.1 MPH)
Batting: RHB Juan Gallegos 0-0: Swinging Strike
0-1: Foul Ball, location: 2F
0-2: Strikes out swinging
Bottom of the 10th over - 0 runs, 0 hits, 0 errors, 1 left on base; ACL Carolina 1 - ACL Jacksonville 1
TOP OF THE 11TH
ACL Carolina Catamounts batting - Pitching for ACL Jacksonville Bombers : LHP Zane Phillips
Batting: RHB Jesús García 0-0: Ball
1-0: Ball
2-0: Ball
3-0: Base on Balls
Batting: RHB Robbie Caballero 0-0: Fly out, F9 (Flyball, 89S, EV 96.3 MPH)
Batting: RHB Rex Cahill 0-0: Ball
1-0: Foul Ball, location: 3DF
1-1: Ball
2-1: Ball
3-1: Base on Balls
Jesús García to second
Batting: LHB Gene Monroe 0-0: Foul Ball, location: 2LF
0-1: Called Strike
0-2: Strikes out swinging
Batting: RHB Orlando Corona 0-0: Ball
1-0: Called Strike
1-1: Ball
2-1: Ball
3-1: Called Strike
Pickoff Throw to Second - Out!
Top of the 11th over - 0 runs, 0 hits, 0 errors, 1 left on base; ACL Carolina 1 - ACL Jacksonville 1
BOTTOM OF THE 11TH
ACL Jacksonville Bombers batting - Pitching for ACL Carolina Catamounts : RHP Pat Thomas
Batting: RHB Mario Quintanilla 0-0: Called Strike
0-1: Called Strike
0-2: Strikes out swinging, 2-3 out at first.
Batting: RHB Tomás Cantú 0-0: Called Strike
0-1: Foul Ball, location: 2F
0-2: Ball
1-2: Foul Ball, location: 2F
1-2: Hit by Pitch
Batting: LHB Ted Hall 0-0: Ball
1-0: Ball
2-0: Ball
3-0: Base on Balls
Tomás Cantú to second
Batting: RHB Dorian Adkins 0-0: Called Strike
0-1: Ball
1-1: Foul Ball, location: 2F
1-2: Ball
2-2: Fly out, F9 (Flyball, 9, EV 93.8 MPH)
Batting: SHB Constantin Odilo 0-0: Ball
1-0: Ball
2-0: Ball
3-0: Called Strike
3-1: Foul Ball, location: 2RF
3-2: Fly out, F5 (Popup, 5L, EV 61.3 MPH)
Bottom of the 11th over - 0 runs, 0 hits, 0 errors, 2 left on base; ACL Carolina 1 - ACL Jacksonville 1
TOP OF THE 12TH
ACL Carolina Catamounts batting - Pitching for ACL Jacksonville Bombers : LHP Zane Phillips
Pitching: RHP José Guzmán
Batting: RHB Orlando Corona 0-0: SINGLE (Groundball, 6MD, EV 97.5 MPH)
Batting: LHB Phil Wilson 0-0: Ball
1-0: Bunted foul
1-1: Ball
2-1: Sac Bunt to 15S - play at first, batter OUT! 1-4
Orlando Corona to second
Batting: RHB Bob Cunningham 0-0: 2-RUN HOME RUN (Flyball, 9D, EV 93.1 MPH), Distance : 344 ft
Batting: LHB Brock Belanger 0-0: Ball
1-0: Foul Ball, location: 5DF
1-1: Foul Ball, location: 25F
1-2: Ball
2-2: Foul Ball, location: 23F
2-2: Ball
3-2: Foul Ball, location: 2F
3-2: Fly out, F6 (Popup, 6, EV 50.6 MPH)
Batting: LHB Jamie Robinson 0-0: Foul Ball, location: 3SF
0-1: Ball
1-1: Ball
2-1: Foul Ball, location: 2F
2-2: Ball
3-2: Base on Balls
Batting: RHB Jesús García 0-0: Foul Ball, location: 7LMF
0-1: Ball
1-1: Called Strike
1-2: SINGLE (Line Drive, 6MD, EV 96.9 MPH)
Jamie Robinson to second
Batting: RHB Robbie Caballero 0-0: Called Strike
0-1: Fielders Choice at 2nd, 5-4 (Groundball, 56, EV 110.6 MPH)
Top of the 12th over - 2 runs, 3 hits, 0 errors, 2 left on base; ACL Carolina 3 - ACL Jacksonville 1
BOTTOM OF THE 12TH
ACL Jacksonville Bombers batting - Pitching for ACL Carolina Catamounts : RHP Pat Thomas
Batting: RHB Joe Cochran 0-0: Ball
1-0: Swinging Strike
1-1: Called Strike
1-2: Foul Ball, location: 9LMF
1-2: Ball
2-2: Foul Ball, location: 7LDF
2-2: Strikes out swinging
Batting: RHB Shawn Vargas 0-0: Ball
1-0: Ball
2-0: Called Strike
2-1: Called Strike
2-2: Foul Ball, location: 7LMF
2-2: Strikes out swinging
Batting: RHB Jim Unknown 0-0: Ball
1-0: Called Strike
1-1: SINGLE (Line Drive, 34D, EV 102.5 MPH)
Pitching: RHP Kevin Hawkins
Batting: RHB Juan Gallegos 0-0: Called Strike
0-1: Ball
1-1: Fly out, F8 (Line Drive, 8RD, EV 95.0 MPH)
Bottom of the 12th over - 0 runs, 1 hit, 0 errors, 1 left on base; ACL Carolina 3 - ACL Jacksonville 1
Wednesday, May 1st , 2024 - OOTP Baseball 24.10 Build 82